 Dungeon Crawl Stone Soup version 0.29.0-15-g675c0067aa (webtiles) character file.

Game seed: 12420653347234078414

5 qw the Sneak (level 1, -1/14 HPs)
             Began as a Gargoyle Delver on Sept 11, 2022.
             Killed from afar by an orc wizard (5 damage)
             ... with a puff of flame
             ... on level 4 of the Dungeon.
             The game lasted 00:00:08 (198 turns).

qw the Sneak (Gargoyle Delver)                       Turns: 198, Time: 00:00:08

Health: -1/14      AC:  5    Str: 15    XL:     1   Next: 80%
Magic:  1/1        EV: 11    Int: 10    God:
Gold:   11         SH:  0    Dex: 11    Spells: 0/0 levels left

rFire   . . .      SeeInvis .   a - +0 hand axe
rCold   . . .      Faith    .   (no shield)
rNeg    + . .      Spirit   .   b - +0 leather armour
rPois   inf        Reflect  .   (no helmet)
rElec   +          Harm     .   (no cloak)
rCorr   .          Rampage  .   (no gloves)
Will    .....                   (no boots)
Stlth   +++.......              (no amulet)
HPRegen 0.04/turn               (no ring)
MPRegen 0.07/turn               (no ring)

@: no status effects
A: sickness immunity, AC +2, negative energy resistance 1, electricity
resistance, torment resistance 1, petrification resistance
a: no special abilities


You were on level 4 of the Dungeon.
You visited 1 branch of the dungeon, and saw 2 of its levels.

You collected 11 gold pieces.


Innate Abilities, Weirdness & Mutations

You are immune to sickness and miasma.
Your stone body is resilient. (AC +2)
You are immune to poison.
You resist negative energy. (rN+)
You are resistant to electric shocks. (rElec)
You are resistant to unholy torment.
You are immune to petrification.


   Skills:
 - Level 3.2 Fighting
 + Level 2.2 Axes
 - Level 1.5 Dodging
 - Level 5.4 Stealth


You couldn't memorise any spells.
You didn't know any spells.
Your spell library was empty.

Inventory:

Hand Weapons
 a - a +0 hand axe (weapon)
Armour
 b - a +0 leather armour (worn)
Wands
 g - a wand of digging (3)
Potions
 f - a potion of haste

Dungeon Overview and Level Annotations

Branches:
Dungeon (5/15)
 Temple: D:4-7

Altars:


Message History

You hit the orc.
The orc is heavily wounded.
The orc closely misses you.
You barely miss the orc.
The orc is moderately wounded.
The orc hits you with a +0 dagger.
You closely miss the orc.
The orc is moderately wounded.
The orc barely misses you.
You hit the orc.
The orc is severely wounded.
The orc hits you but does no damage.
You slash the orc!
You kill the orc!
You start resting.
An orc comes into view. It is wielding a +1 dagger of venom.
You start resting.
An orc is nearby!
You start resting.
An orc comes into view. It is wielding a +0 club.
An orc wizard comes into view. It is wielding a +0 mace of venom.
An orc comes into view. It is wielding a +0 hand axe.
You see here a +0 dagger.
The orc wizard shouts!
The orc shouts! x3
You barely miss the orc.
The orc wizard mumbles some strange words.
The orc wizard flickers and vanishes!
Deactivating autopickup; reactivate with Ctrl-A.
The orc barely misses you.
You slash the orc!
The orc is almost dead.
The orc hits you with a +0 club.
You hit the orc.
You kill the orc!
You closely miss the orc. The orc hits you with a +0 hand axe.
You hear some strange, mumbled words.
A puff of flame appears from out of thin air!
The puff of flame hits you.
You die...

####.##############.####
#.......................
#>.#.###.....#.........
#%.#.# #.............$#
#..#.# #.###.#..###.#.#
#..#.###.###..........#
#..#.....o....{..:....#
#..#####.#####)oo###.#
.... ..# #@..# #... ###
#)..# #...#####
#......... ###.#####.
..# ###


You could see 2 orcs.

Vanquished Creatures
  2 orcs (D:4)
  2 hobgoblins (D:4)
  A ball python (D:4)
5 creatures vanquished.

Notes
Turn   | Place    | Note
-------+----------+-------------------------------------------
     0 | D:5      | qw the Gargoyle Delver began the quest for the Orb.
     0 | D:5      | Reached XP level 1. HP: 14/14 MP: 1/1
     0 | D:5      | 0 ||| qw: Version: 0.1-a-118-gb4e7ce6
     0 | D:5      | 0 ||| qw: Game counter: 10524
     0 | D:5      | 0 ||| qw: Always use a shield: true
     0 | D:5      | 0 ||| qw: God list: Okawaru
     0 | D:5      | 0 ||| qw: Allow faded altars: false
     0 | D:5      | 0 ||| qw: Do Orc after D:15 true
     0 | D:5      | 0 ||| qw: Do second Lair branch before Depths: true
     0 | D:5      | 0 ||| qw: Lair rune preference: random
     0 | D:5      | 0 ||| qw: Plans: Normal
     0 | D:5      | 0 ||| PLANNING D:1-11
    47 | D:5      | 47 ||| DROPPING scarf of shadows.
    48 | D:5      | 48 ||| DROPPING scroll of fog.
    49 | D:5      | 49 ||| DROPPING scroll of magic mapping.
    50 | D:5      | 50 ||| DROPPING scroll of fear.
   100 | D:4      | 100 ||| Stepping ~*~*~tactically~*~*~ (stealth).
   103 | D:4      | 103 ||| Stepping ~*~*~tactically~*~*~ (stealth).
   133 | D:4      | 133 ||| Stepping ~*~*~tactically~*~*~ (stealth).
   136 | D:4      | 136 ||| Stepping ~*~*~tactically~*~*~ (stealth).
   137 | D:4      | 137 ||| Stepping ~*~*~tactically~*~*~ (stealth).
   193 | D:4      | Noticed an orc wizard
   198 | D:4      | Killed from afar by an orc wizard

Levels and vault maps discovered:
D:4:      layout_loops_ring, uniq_natasha
D:5:      layout_basic, mainiacjoe_overflow_six_doors_small

Skill      XL: |  1 |
---------------+----+-----
Axes           | 2 |  2.2
Fighting       | |  3.2
Dodging        | |  1.5
Stealth        | |  5.4

Action                   || total
-------------------------++-------
Melee: Hand axe          ||    23
 Stab: Sleeping          ||     1
Armor: Leather armour    ||     5
Dodge: Dodged            ||    11

Table legend:
 A = Non-vault XP
 B = Vault XP
 C = Vault XP percentage of total XP
 D = Non-vault monster count
 E = Vault monster count
 F = Vault count percentage of total count
                 A         B        C        D         E       F
            +---------+---------+-------+---------+---------+-------
      Total |      11 |       0 |   0.0 |       5 |       0 |   0.0
            +---------+---------+-------+---------+---------+-------
        D:4 |      11 |       0 |   0.0 |       5 |       0 |   0.0
            +---------+---------+-------+---------+---------+-------
